 Dungeon Crawl Stone Soup version 0.20-a0-1109-ge3cd172 (webtiles) character file.

72 Monsterracer the Digger (level 4, -4/24 HPs)
             Began as a Gargoyle Earth Elementalist on May 5, 2017.
             Splashed by Ijyb's acid (12 damage)
             ... on level 2 of the Dungeon.
             The game lasted 00:08:15 (2901 turns).

Monsterracer the Digger (GrEE)                      Turns: 2901, Time: 00:08:18

Health: -4/24      AC:  5    Str: 11    XL:     4   Next: 26%
Magic:  4/8        EV: 12    Int: 17    God:
Gold:   150        SH:  0    Dex: 10    Spells: 2/8 levels left

rFire    . . .     SeeInvis .   u - +0 quarterstaff
rCold    . . .     Gourm    .   (shield currently unavailable)
rNeg     + . .     Faith    .   c - +0 robe
rPois    ∞         Spirit   .   (no helmet)
rElec    +         Reflect  .   (no cloak)
rCorr    .         Harm     .   (no gloves)
MR       .....                  (no boots)
Stlth    ++........             (no amulet)
Regen    0.1/turn               (no ring)
MPRegen  0.2/turn               (no ring)

@: very slightly contaminated
A: negative energy resistance 1, electricity resistance, unbreathing,
petrification resistance, rot immunity, AC +3
a: no special abilities


You were on level 2 of the Dungeon.
You were not hungry.

You visited 1 branch of the dungeon, and saw 3 of its levels.

You collected 150 gold pieces.

Inventory:

Hand Weapons
 u - a +0 quarterstaff (weapon)
Missiles
 b - 78 stones (quivered)
Armour
 c - a +0 robe (worn)
Jewellery
 j - an uncursed amulet of rage {unknown}
Wands
 t - a wand of paralysis (14/24)
Scrolls
 a - a scroll of magic mapping {unknown}
 f - a scroll of teleportation {unknown}
 h - a scroll of random uselessness {unknown}
 n - a scroll of fog {unknown}
 o - 2 scrolls of remove curse {unknown}
 p - a scroll of amnesia {unknown}
 q - a scroll of identify {unknown}
 r - 2 scrolls of blinking {unknown}
 s - a scroll of fear {unknown}
Potions
 g - a potion of brilliance
 k - a potion of cancellation
Books
 e - a book of Geomancy

   Spells                             Type                      Level
   a - Sandblast                      Earth                        1
   b - Passwall                       Transmutation/Earth          2
   c - Stone Arrow                    Conjuration/Earth            3
   d - Petrify                        Transmutation/Earth          4
   e - Lee's Rapid Deconstruction     Earth                        5
Comestibles
 d - 4 bread rations
 i - 2 meat rations
 l - a fruit
 m - 2 royal jellies
 v - 2 chunks of flesh


   Skills:
 - Level 1.5 Dodging
 - Level 2.1 Stealth
 + Level 2.8 Spellcasting
 + Level 0.9 Conjurations
 - Level 0.7 Transmutations
 * Level 5.1 Earth Magic


You had 2 spell levels left.
You knew the following spells:

 Your Spells              Type           Power        Failure   Level  Hunger
a - Sandblast             Erth           ###...       2%          1    #......
b - Passwall              Tmut/Erth      ##........   9%          2    ##.....
c - Stone Arrow           Conj/Erth      ##....       16%         3    ###....


Dungeon Overview and Level Annotations

Branches:
Dungeon (3/15)

Altars:
Uskayaw

Annotations:
D:2 Ijyb


Innate Abilities, Weirdness & Mutations

You are resistant to torment.
Your stone body is resilient. (AC +3)
You are immune to poison.
You resist negative energy. (rN+)
You are resistant to electric shocks. (rElec)
You can survive without breathing.
You are immune to petrification.
You are immune to rotting.


Message History

Aiming: Sandblast
Press: ? - help, Shift-Dir - straight line, f - Ijyb
Aim: Ijyb, wielding a dagger, wearing a leather armour and carrying a wand of acid (?/15) {zapped: 1} The blast of sand hits Ijyb.
Ijyb is moderately wounded.
b - 79 stones Ijyb hits you but does no damage.
Casting: Sandblast
Confirm with . or Enter, or press ? or * to list all spells.
Aiming: Sandblast
Press: ? - help, Shift-Dir - straight line, f/p - Ijyb
Aim: Ijyb, wielding a dagger, wearing a leather armour and carrying a wand of acid (?/15) {zapped: 1} (moderately wounded)
The blast of sand hits Ijyb.
Ijyb is moderately wounded.
b - 78 stones Ijyb zaps a wand.
The bolt of acid hits you!
Ouch! That really hurt!
You are splashed with acid!
The acid burns!
Ouch! That really hurt!
You die...

#.# #.# #.# #.# #.#
#.# #.# ### ##.#
########.#######
...###...).>).og@...#
###.(....##.#.#####.#
#.##.#.##.#.#####.###
#.#..).....#.#......#
#.#..#....###..##.#.#
#>#..#.....#.#.)....#
#.........#.##..#...#
###.###.........###.#
# #.# #............<#


You could see Ijyb and an orc.

Vanquished Creatures
  Terence (D:2)
  An ooze (D:1)
  2 worms
  2 orcs
  A ball python (D:1)
  A giant cockroach (D:2)
  3 hobgoblins
  2 jackals (D:2)
  A quokka (D:3)
  8 bats
  4 frilled lizards
  3 goblins (D:2)
  6 kobolds
  3 rats
38 creatures vanquished.

Notes
Turn   | Place    | Note
-------+----------+-------------------------------------------
     0 | D:1      | Monsterracer the Gargoyle Earth Elementalist began the quest for the Orb.
     0 | D:1      | Reached XP level 1. HP: 10/10 MP: 3/3
   538 | D:1      | Reached XP level 2. HP: 14/15 MP: 5/5
   554 | D:1      | Learned a level 2 spell: Passwall
   611 | D:1      | Reached skill level 4 in Earth Magic
  1227 | D:2      | Reached XP level 3. HP: 13/19 MP: 2/6
  1232 | D:2      | Learned a level 3 spell: Stone Arrow
  1651 | D:2      | Noticed a dagger
  1652 | D:2      | Found a hide-covered altar of Uskayaw.
  1653 | D:2      | Noticed a hand axe
  1824 | D:2      | Noticed Terence
  2174 | D:2      | Killed Terence
  2174 | D:2      | Reached skill level 5 in Earth Magic
  2174 | D:2      | Reached XP level 4. HP: 8/24 MP: 0/8
  2807 | D:3      | Noticed Ijyb
  2901 | D:2      | Splashed by Ijyb's acid

Vault maps used:
D:1:      dpeg_arrival_connections
D:2:      dancing_weapons_uskayaw, uniq_terence
D:3:      cheibrodos_old_hovel, uniq_ijyb

Skill      XL: |  1  2  3 |
---------------+----------+-----
Earth Magic    | 4 5 |  5.1
Dodging        | |  1.5
Stealth        | |  2.1
Spellcasting   | |  2.8
Conjurations   | |  0.9
Transmutations | |  0.7

Action                   |  1- 3 |  4- 6 || total
-------------------------+-------+-------++-------
Melee: Whip              |    17 |       ||    17
       Unarmed           |     8 |       ||     8
       Mace              |    57 |       ||    57
       Quarterstaff      |     5 |    21 ||    26
 Cast: Sandblast         |    13 |     7 ||    20
       Stone Arrow       |     4 |     4 ||     8
  Use: Potion            |     5 |       ||     5
 Stab: Sleeping          |     2 |       ||     2
       Distracted        |     1 |       ||     1
  Eat: Chunk             |     4 |     4 ||     8
Armor: Robe              |    44 |    25 ||    69
       Skin              |     1 |       ||     1
Dodge: Dodged            |   109 |    46 ||   155
